 Dungeon Crawl Stone Soup version 0.24.0-3-g28a8eb0610 (webtiles) character file.

Game seed: 12454128805729768248, levelgen mode: deterministic

2575 Ijustatesigmund the Ducker (level 9, -25/70 HPs)
             Began as a Gnoll Gladiator on Nov 1, 2019.
             Was a Believer of Okawaru.
             Killed from afar by Erica (26 damage)
             ... with a bolt of poison
             ... on level 8 of the Dungeon.
             The game lasted 00:14:14 (8090 turns).

Ijustatesigmund the Ducker (Gnoll Gladiator)        Turns: 8090, Time: 00:14:14

Health: -25/70     AC: 12    Str: 16    XL:     9   Next: 57%
Magic:  13/15      EV: 14    Int: 14    God:    Okawaru [**....]
Gold:   338        SH:  0    Dex: 17    Spells: 16/16 levels left

rFire    . . .     SeeInvis .   s - +1 war axe of Spring {freeze, MR+}
rCold    . . .     Gourm    .   (no shield)
rNeg     . . .     Faith    .   b - +0 chain mail
rPois    .         Spirit   .   c - +0 helmet
rElec    .         Reflect  .   (no cloak)
rCorr    .         Harm     .   (no gloves)
MR       ++...                  (no boots)
Stlth    +.........             u - amulet of rage
HPRegen  0.21/turn              g - ring of wizardry
MPRegen  0.14/turn              r - ring of protection from magic

@: lethally poisoned (-25 -> -33), heroism
A: distributed training, fangs 1, strong nose
a: Heroism, Renounce Religion, Evoke Berserk Rage


You were on level 8 of the Dungeon.
You worshipped Okawaru.
Okawaru was pleased with you.
You were not hungry.

You visited 2 branches of the dungeon, and saw 9 of its levels.

You collected 338 gold pieces.

Inventory:

Hand Weapons
 a - a +0 flail of draining
 q - a +3 short sword of protection
 s - the +1 war axe of Spring (weapon) {freeze, MR+}
   (You found it on level 4 of the Dungeon)

   It has been specially enchanted to freeze those struck by it, causing extra
   injury to most foes and up to half again as much damage against particularly
   susceptible opponents.
   It can also slow down cold-blooded creatures.
   It affects your resistance to hostile enchantments.
Missiles
 d - 2 throwing nets
 h - 29 poisoned darts (quivered)
Armour
 b - a +0 chain mail (worn)
 c - a +0 helmet (worn)
Jewellery
 g - a ring of wizardry (left hand)
 m - an uncursed amulet of guardian spirit
 n - an uncursed ring of stealth
 r - a ring of protection from magic (right hand)
 u - an amulet of rage (around neck)
Wands
 y - a wand of iceblast (3)
 C - a wand of digging (5)
Scrolls
 e - 2 scrolls of teleportation
 o - 5 scrolls of remove curse
 t - a scroll of enchant weapon
 A - 3 scrolls of fog
Potions
 i - a potion of magic
 j - 2 potions of might
 k - 2 potions of degeneration {unknown}
 l - 2 potions of flight {unknown}
 v - 2 potions of haste {unknown}
 w - a potion of heal wounds {unknown}
 x - a potion of brilliance {unknown}
 B - 2 potions of lignification {unknown}
Comestibles
 f - 15 rations


   Skills:
 + Level 6.3(11.3) Fighting
 + Level 4.3(9.3) Short Blades
 + Level 4.3(9.3) Long Blades
 + Level 4.3(9.3) Axes
 + Level 7.9(12.9) Maces & Flails
 + Level 4.3(9.3) Polearms
 + Level 4.3(9.3) Staves
 + Level 4.3(9.3) Slings
 + Level 4.3(9.3) Bows
 + Level 4.3(9.3) Crossbows
 + Level 6.3(11.3) Throwing
 + Level 4.3(9.3) Armour
 + Level 7.9(12.9) Dodging
 + Level 4.3(9.3) Stealth
 + Level 4.3(9.3) Shields
 + Level 4.3(9.3) Unarmed Combat
 + Level 4.3 Spellcasting
 + Level 3.5 Conjurations
 + Level 3.5 Hexes
 + Level 3.5 Charms
 + Level 3.5 Summonings
 + Level 3.5 Necromancy
 + Level 3.5 Translocations
 + Level 3.5 Transmutations
 + Level 3.5 Fire Magic
 + Level 3.5 Ice Magic
 + Level 3.5 Air Magic
 + Level 3.5 Earth Magic
 + Level 3.5 Poison Magic
 + Level 4.7 Invocations
 + Level 4.3 Evocations


You had 16 spell levels left.
You didn't know any spells.
Your spell library was empty.

Dungeon Overview and Level Annotations

Branches:
Dungeon (8/15)             Temple (1/1) D:4
   Lair: D:8-11

Altars:
Ashenzari
Dithmenos
Gozag
Nemelex Xobeh
Okawaru
Qazlal
Ru
Sif Muna
Uskayaw
Vehumet
Xom
Yredelemnul
Zin

Shops:
D:6 :

Annotations:
D:3 2 transporters, mitkoXXVII's ghost, amateur OgCj
D:8 Erica


Innate Abilities, Weirdness & Mutations

Your experience applies equally to all skills.
You have very sharp teeth.
Your uncanny sense of smell can sniff out nearby items.


Message History

Okay, then.
You gain the combat prowess of a mighty hero.
Erica closely misses you.
You hit Erica but do no damage.
Erica is lightly wounded.
You hit Erica but do no damage.
Erica is lightly wounded.
Erica hits you with a +3 scimitar of flaming.
* * * LOW HITPOINT WARNING * * *
Erica burns you.
* * * LOW HITPOINT WARNING * * *
You closely miss Erica.
Erica is lightly wounded.
Erica hits you but does no damage.
You hit Erica but do no damage. You bite Erica.
Erica is lightly wounded.
Erica points at you and mumbles some strange words.
The bolt of poison hits you!!
You are lethally poisoned!
You die...

# ####...####
#.......#
#.#)..#.#
#.##.##.#
#.##....####
######.##........
#......##....#.#.
#............# #
#....@###......#
#...@.# #..##..#
#.....# #.)....#
#....>...
##.......
#.#...... ###.###
# #....... .#
....###? # $....
.#


You could see Erica.

Vanquished Creatures
  Joseph (D:7)
  Prince Ribbit (D:7)
  A water moccasin (D:5)
  An ice beast (D:5)
  2 sky beasts
  2 ogres
  A centaur (D:7)
  A big kobold (D:6)
  2 bullfrogs
  A water moccasin zombie (D:3)
  3 scorpions
  A howler monkey (D:5)
  A centaur zombie (D:4)
  3 hounds
  An orc priest (D:6)
  2 iguanas
  4 jellies (D:7)
  4 orc wizards
  Terence (D:3)
  5 worker ants
  A howler monkey zombie (D:6)
  12 gnolls
  A howler monkey skeleton (D:7)
  8 adders
  An ooze (D:1)
  3 adder skeletons (D:7)
  3 worms
  3 leopard geckos
  16 orcs
  6 giant cockroaches
  32 hobgoblins
  14 jackals
  12 kobolds
  3 quokkas
  7 bats
  4 frilled lizards
  A giant cockroach zombie (D:6)
  33 goblins
  A jackal skeleton (D:4)
  2 leopard gecko skeletons
  A quokka zombie (D:5)
  7 rats
209 creatures vanquished.

Notes
Turn   | Place    | Note
-------+----------+-------------------------------------------
     0 | D:1      | Ijustatesigmund the Gnoll Gladiator began the quest for the
                  | Orb.
     0 | D:1      | Reached XP level 1. HP: 20/20 MP: 1/1
   186 | D:1      | Reached XP level 2. HP: 25/26 MP: 2/2
   405 | D:1      | Reached XP level 3. HP: 31/31 MP: 3/3
  1060 | D:2      | Reached skill level 1 in Invocations
  1615 | D:2      | Found a shimmering altar of Xom.
  1704 | D:2      | Reached skill level 1 in Short Blades
  1704 | D:2      | Reached skill level 1 in Long Blades
  1704 | D:2      | Reached skill level 1 in Axes
  1704 | D:2      | Reached skill level 1 in Polearms
  1704 | D:2      | Reached skill level 1 in Staves
  1704 | D:2      | Reached skill level 1 in Slings
  1704 | D:2      | Reached skill level 1 in Bows
  1704 | D:2      | Reached skill level 1 in Crossbows
  1704 | D:2      | Reached skill level 1 in Armour
  1704 | D:2      | Reached skill level 1 in Stealth
  1704 | D:2      | Reached skill level 1 in Shields
  1704 | D:2      | Reached skill level 1 in Unarmed Combat
  1704 | D:2      | Reached skill level 1 in Spellcasting
  1704 | D:2      | Reached skill level 1 in Evocations
  1865 | D:2      | Reached XP level 4. HP: 38/38 MP: 5/5
  2207 | D:4      | Reached skill level 1 in Conjurations
  2207 | D:4      | Reached skill level 1 in Hexes
  2207 | D:4      | Reached skill level 1 in Charms
  2207 | D:4      | Reached skill level 1 in Summonings
  2207 | D:4      | Reached skill level 1 in Necromancy
  2207 | D:4      | Reached skill level 1 in Translocations
  2207 | D:4      | Reached skill level 1 in Transmutations
  2207 | D:4      | Reached skill level 1 in Fire Magic
  2207 | D:4      | Reached skill level 1 in Ice Magic
  2207 | D:4      | Reached skill level 1 in Air Magic
  2207 | D:4      | Reached skill level 1 in Earth Magic
  2207 | D:4      | Reached skill level 1 in Poison Magic
  2207 | D:4      | Reached XP level 5. HP: 39/43 MP: 4/6
  2387 | D:3      | Noticed Terence
  2400 | D:3      | Killed Terence
  2400 | D:3      | Reached XP level 6. HP: 49/50 MP: 8/8
  2402 | D:3      | Found a transporter.
  2404 | D:3      | Noticed mitkoXXVII's ghost (amateur OgCj)
  2518 | D:3      | Found a transporter.
  2694 | D:3      | Found a sacrificial altar of Ru.
  2695 | D:3      | Found a shimmering blue altar of Sif Muna.
  2867 | D:4      | Got a steaming war axe
  2868 | D:4      | Identified the cursed +1 war axe of Spring {freeze, MR+}
                  | (You found it on level 4 of the Dungeon)
  2909 | D:4      | Reached skill level 5 in Fighting
  2909 | D:4      | Reached skill level 5 in Throwing
  3179 | D:4      | Found a staircase to the Ecumenical Temple.
  3216 | Temple   | Entered the Ecumenical Temple
  3222 | Temple   | Became a worshipper of Warmaster Okawaru
  3776 | D:4      | Reached XP level 7. HP: 56/56 MP: 10/10
  4449 | D:5      | Entered Level 5 of the Dungeon
  4921 | D:5      | Reached * piety under Okawaru
  4921 | D:5      | Reached XP level 8. HP: 26/63 MP: 10/12
  6213 | D:6      | Found Dakukuh's Book Shop.
  6378 | D:6      | Reached XP level 9. HP: 65/69 MP: 14/14
  6403 | D:6      | Found an opulent altar of Gozag.
  6553 | D:6      | Found a basalt altar of Yredelemnul.
  7077 | D:7      | Noticed Prince Ribbit
  7078 | D:7      | Noticed Joseph
  7093 | D:7      | Killed Joseph
  7093 | D:7      | Reached ** piety under Okawaru
  7514 | D:7      | Killed Prince Ribbit
  8076 | D:8      | Noticed Erica
  8088 | D:8      | HP: 2/70 [Erica/+3 scimitar of flaming (5)]
  8090 | D:8      | Killed from afar by Erica

Levels and vault maps discovered:
D:1:      eino_arrival_druids_welcome, layout_basic, serial_forest,
          infiniplex_forest_side_room, infiniplex_forest_end_1,
          infiniplex_forest_lined_3, infiniplex_forest_end_1,
          infiniplex_forest_lined_room_3, infiniplex_forest_lined_room_3,
          infiniplex_forest_clump_tiny, infiniplex_forest_zigzag_1,
          infiniplex_forest_end_3
D:2:      layout_loops_corners, xom_teletrap_fun
D:3:      layout_basic, gammafunk_temple_overflow_pools,
          gammafunk_ghost_mausoleum, minmay_tree_intersection, uniq_terence
D:4:      minmay_goblin_kobold_castle, layout_basic,
          minmay_temple_entry_poolview, first_ration, minmay_fractal_squares_5
D:5:      layout_cave_pools, serial_glass, glass_columns_b, glass_columns_a
D:6:      layout_cave_pools, lemuel_round_altar, grunt_gozag_statues,
          serial_shops, nicolae_shop_window_shopping, corexii_shack,
          minmay_between
D:7:      layout_basic, uniq_prince_ribbit1, uniq_joseph
D:8:      layout_loops_cross, ebering_ghost_gozag, uniq_erica
Temple:   eino_narrow_crystal_temple

Skill      XL: |  1  2  3  4  5  6  7  8  9 |
---------------+----------------------------+-----
Invocations    | 1 2 3 4 |  4.7
Short Blades   | 1 2 3 4 |  4.3
Long Blades    | 1 2 3 4 |  4.3
Axes           | 1 2 3 4 |  4.3
Polearms       | 1 2 3 4 |  4.3
Staves         | 1 2 3 4 |  4.3
Slings         | 1 2 3 4 |  4.3
Bows           | 1 2 3 4 |  4.3
Crossbows      | 1 2 3 4 |  4.3
Armour         | 1 2 3 4 |  4.3
Stealth        | 1 2 3 4 |  4.3
Shields        | 1 2 3 4 |  4.3
Unarmed Combat | 1 2 3 4 |  4.3
Spellcasting   | 1 2 3 4 |  4.3
Evocations     | 1 2 3 4 |  4.3
Conjurations   | 1 2 3 |  3.5
Hexes          | 1 2 3 |  3.5
Charms         | 1 2 3 |  3.5
Summonings     | 1 2 3 |  3.5
Necromancy     | 1 2 3 |  3.5
Translocations | 1 2 3 |  3.5
Transmutations | 1 2 3 |  3.5
Fire Magic     | 1 2 3 |  3.5
Ice Magic      | 1 2 3 |  3.5
Air Magic      | 1 2 3 |  3.5
Earth Magic    | 1 2 3 |  3.5
Poison Magic   | 1 2 3 |  3.5
Fighting       | 5 6 |  6.3
Throwing       | 5 6 |  6.3
Maces & Flails | 7 |  7.9
Dodging        | 7 |  7.9

Action                   |  1- 3 |  4- 6 |  7- 9 || total
-------------------------+-------+-------+-------++-------
Melee: Flail             |   122 |    47 |       ||   169
       Bite              |     7 |    25 |    30 ||    62
       Short sword       |       |    90 |       ||    90
       War axe           |       |   104 |   275 ||   379
       Punch             |       |     2 |     3 ||     5
Throw: Throwing net      |     1 |     2 |       ||     3
       Dart              |       |       |    10 ||    10
Invok: Heroism           |       |       |     2 ||     2
 Abil: Evoke Berserk Rag |       |       |     3 ||     3
Evoke: Wand              |       |       |     1 ||     1
  Use: Scroll            |     4 |     3 |     7 ||    14
       Potion            |       |     1 |     2 ||     3
 Stab: Held in net/web   |       |     3 |       ||     3
  Eat: Chunk             |     3 |     6 |    12 ||    21
       Ration            |       |       |     2 ||     2
Armor: Chain mail        |    64 |   152 |   145 ||   361
Dodge: Dodged            |    66 |   159 |   192 ||   417
